TOP OF THE 1ST |
Portland Cards batting - Pitching for Greenville 84s : RHP Andrés Vázquez
|
Pitching: RHP Andrés Vázquez
|
|
Batting: RHB Dani Vázquez
|
0-0: Called Strike 0-1: Fly out, F8 (Flyball, 8RS)
|
Batting: LHB Keith Beard
|
0-0: Ball 1-0: Fly out, F7 (Flyball, 78S)
|
Batting: LHB Jeff Daniels
|
0-0: Foul Ball, location: 2F 0-1: Swinging Strike 0-2: Strikes out swinging
|
Top of the 1st over - 0 run(s), 0 hit(s), 0 error(s), 0 left on base; Portland 0 - Greenville 0 |
BOTTOM OF THE 1ST |
Greenville 84s batting - Pitching for Portland Cards : RHP Yong-hoon Park
|
Pitching: RHP Yong-hoon Park
|
|
Batting: RHB Carlos Torres
|
0-0: Foul Ball, location: 2F 0-1: Ground out 6-3 (Groundball, 6)
|
Batting: LHB Chris Moore
|
0-0: Ball 1-0: Swinging Strike 1-1: Foul Ball, location: 2F 1-2: Ball 2-2: Fly out, F9 (Flyball, 9LD)
|
Batting: RHB Enzo Díaz
|
0-0: Called Strike 0-1: Foul Ball, location: 2F 0-2: Ball 1-2: Ball 2-2: Ball 3-2: SINGLE (Line Drive, 6MD)
|
Batting: LHB Jimmy Vickers
|
0-0: Ball 1-0: Foul Ball, location: 2F 1-1: Called Strike 1-2: Ball 2-2: Ball Enzo Díaz steals 2nd base 3-2: Strikes out looking
|
Bottom of the 1st over - 0 run(s), 1 hit(s), 0 error(s), 1 left on base; Portland 0 - Greenville 0 |
TOP OF THE 2ND |
Portland Cards batting - Pitching for Greenville 84s : RHP Andrés Vázquez
|
Batting: RHB Carlos García
|
0-0: Called Strike 0-1: Swinging Strike 0-2: Ball 1-2: Strikes out swinging
|
Batting: LHB Paul Mullins
|
0-0: Ball 1-0: Ball 2-0: Swinging Strike 2-1: Ball 3-1: Swinging Strike 3-2: Foul Ball, location: 2F 3-2: Foul Ball, location: 2F 3-2: Strikes out swinging
|
Batting: RHB Paco Arellano
|
0-0: Called Strike 0-1: Ball 1-1: Ball 2-1: Ball 3-1: Base on Balls
|
Batting: RHB Aaron Scott
|
0-0: Called Strike 0-1: Ball 1-1: Swinging Strike 1-2: Fly out, F9 (Line Drive, 9M)
|
Top of the 2nd over - 0 run(s), 0 hit(s), 0 error(s), 1 left on base; Portland 0 - Greenville 0 |
BOTTOM OF THE 2ND |
Greenville 84s batting - Pitching for Portland Cards : RHP Yong-hoon Park
|
Batting: LHB Paco Rosas
|
0-0: Foul Ball, location: 2F 0-1: Ball 1-1: Fly out, F4 (Line Drive, 4)
|
Batting: LHB Kiyonaga Morita
|
0-0: Foul Ball, location: 2F 0-1: Fly out, F8 (Flyball, 8RD)
|
Batting: LHB José Costa
|
0-0: Ground out 1-3 (Groundball, 3S)
|
Bottom of the 2nd over - 0 run(s), 0 hit(s), 0 error(s), 0 left on base; Portland 0 - Greenville 0 |
TOP OF THE 3RD |
Portland Cards batting - Pitching for Greenville 84s : RHP Andrés Vázquez
|
Batting: RHB Germán Rosales
|
0-0: Called Strike 0-1: Ball 1-1: TRIPLE (Line Drive, 8RM)
|
Batting: RHB Bartolo Quiñones
|
0-0: Called Strike 0-1: Ball 1-1: SINGLE (Line Drive, 6D) Germán Rosales scores
|
Batting: RHB Dani Vázquez
|
0-0: Swinging Strike 0-1: Ball 1-1: Grounds into double play, 4-6-3 (Groundball, 4)
|
Batting: LHB Keith Beard
|
0-0: Called Strike 0-1: Called Strike 0-2: Ball 1-2: Ball 2-2: Foul Ball, location: 2F 2-2: Foul Ball, location: 2F 2-2: Foul Ball, location: 2F 2-2: Ball 3-2: Ground out 1-3 (Groundball, 25)
|
Top of the 3rd over - 1 run(s), 2 hit(s), 0 error(s), 0 left on base; Portland 1 - Greenville 0 |
BOTTOM OF THE 3RD |
Greenville 84s batting - Pitching for Portland Cards : RHP Yong-hoon Park
|
Batting: LHB Brock Larsen
|
0-0: Ball 1-0: Foul Ball, location: 2F 1-1: Foul Ball, location: 2F 1-2: Foul Ball, location: 2F 1-2: Foul Ball, location: 2F 1-2: Foul Ball, location: 2F 1-2: SINGLE (Groundball, 4MD)
|
Batting: LHB Mario Cornelo
|
0-0: Ball 1-0: Ball 2-0: Called Strike 2-1: Foul Ball, location: 2F 2-2: Ball 3-2: SINGLE (Groundball, 3S) (infield hit) Brock Larsen to second
|
Batting: RHB Carlos Torres
|
0-0: Foul Ball, location: 2F 0-1: Fielders Choice at 2nd, 1-6 (Groundball, 23) Brock Larsen to third
|
Batting: LHB Chris Moore
|
0-0: Ball 1-0: Grounds into double play, 4-6-3 (Groundball, 4)
|
Bottom of the 3rd over - 0 run(s), 2 hit(s), 0 error(s), 1 left on base; Portland 1 - Greenville 0 |
TOP OF THE 4TH |
Portland Cards batting - Pitching for Greenville 84s : RHP Andrés Vázquez
|
Batting: LHB Jeff Daniels
|
0-0: Ball 1-0: Called Strike 1-1: Ball 2-1: Foul Ball, location: 2F 2-2: Fly out, F7 (Flyball, 78S)
|
Batting: RHB Carlos García
|
0-0: Ball 1-0: Ball 2-0: Ground out 4-3 (Groundball, 4M)
|
Batting: LHB Paul Mullins
|
0-0: Ball 1-0: Called Strike 1-1: Swinging Strike 1-2: Ball 2-2: Strikes out looking
|
Top of the 4th over - 0 run(s), 0 hit(s), 0 error(s), 0 left on base; Portland 1 - Greenville 0 |
BOTTOM OF THE 4TH |
Greenville 84s batting - Pitching for Portland Cards : RHP Yong-hoon Park
|
Batting: RHB Enzo Díaz
|
0-0: Ball 1-0: Called Strike 1-1: Ground out 6-3 (Groundball, 6)
|
Batting: LHB Jimmy Vickers
|
0-0: Swinging Strike 0-1: Foul Ball, location: 2F 0-2: Ball 1-2: Ball 2-2: Fly out, F8 (Flyball, 89XD)
|
Batting: LHB Paco Rosas
|
0-0: Called Strike 0-1: Swinging Strike 0-2: Ball 1-2: Foul Ball, location: 2F 1-2: Foul Ball, location: 2F 1-2: Ball 2-2: Ground out 4-3 (Groundball, 4M)
|
Bottom of the 4th over - 0 run(s), 0 hit(s), 0 error(s), 0 left on base; Portland 1 - Greenville 0 |
TOP OF THE 5TH |
Portland Cards batting - Pitching for Greenville 84s : RHP Andrés Vázquez
|
Pitching: RHP Pierre Deschênes
|
|
Batting: RHB Paco Arellano
|
0-0: Ball 1-0: Foul Ball, location: 2F 1-1: Called Strike 1-2: Foul Ball, location: 2F 1-2: Strikes out looking
|
Batting: RHB Aaron Scott
|
0-0: Called Strike 0-1: Foul Ball, location: 2F 0-2: Ball 1-2: Fly out, F3 (Popup, 3S)
|
Batting: RHB Germán Rosales
|
0-0: SOLO HOME RUN (Line Drive, 7LD), Distance : 371 ft
|
Batting: RHB Bartolo Quiñones
|
0-0: Called Strike 0-1: SINGLE (Groundball, 6MD)
|
Batting: RHB Dani Vázquez
|
0-0: Ball 1-0: Called Strike 1-1: Swinging Strike 1-2: Ball 2-2: Strikes out swinging
|
Top of the 5th over - 1 run(s), 2 hit(s), 0 error(s), 1 left on base; Portland 2 - Greenville 0 |
BOTTOM OF THE 5TH |
Greenville 84s batting - Pitching for Portland Cards : RHP Yong-hoon Park
|
Pitching: RHP Ron Biller
|
|
Batting: LHB Kiyonaga Morita
|
0-0: Ball 1-0: Called Strike 1-1: Ball 2-1: SINGLE (Groundball, 56D)
|
Batting: LHB José Costa
|
0-0: Ball 1-0: Fly out, F7 (Flyball, 7M)
|
Batting: LHB Brock Larsen
|
0-0: Ball 1-0: Ball 2-0: Called Strike 2-1: Ball 3-1: Swinging Strike 3-2: Foul Ball, location: 2F 3-2: SINGLE (Line Drive, 78S) Kiyonaga Morita to second
|
Batting: LHB Mario Cornelo
|
0-0: SINGLE (Line Drive, 6M) Kiyonaga Morita to third Brock Larsen to second
|
Batting: RHB Carlos Torres
|
0-0: Ball 1-0: Called Strike 1-1: Fly out, F3 (Popup, 3F)
|
Batting: LHB Chris Moore
|
0-0: Swinging Strike 0-1: Ball 1-1: Ball 2-1: Called Strike 2-2: Strikes out swinging
|
Bottom of the 5th over - 0 run(s), 3 hit(s), 0 error(s), 3 left on base; Portland 2 - Greenville 0 |
TOP OF THE 6TH |
Portland Cards batting - Pitching for Greenville 84s : RHP Pierre Deschênes
|
Batting: LHB Keith Beard
|
0-0: Ball 1-0: Ball 2-0: Called Strike 2-1: Ball 3-1: Foul Ball, location: 2F 3-2: Base on Balls
|
Batting: LHB Jeff Daniels
|
0-0: Ball 1-0: Foul Ball, location: 2F 1-1: Ball Keith Beard is caught stealing 2nd base 2-1: Ball 3-1: Called Strike 3-2: DOUBLE (Groundball, 3L)
|
Batting: RHB Carlos García
|
0-0: Called Strike 0-1: Ball 1-1: Foul Ball, location: 2F 1-2: Foul Ball, location: 2F 1-2: Strikes out swinging
|
Batting: LHB Paul Mullins
|
0-0: Ball 1-0: Called Strike 1-1: Ball 2-1: Ball 3-1: Foul Ball, location: 2F 3-2: Strikes out looking
|
Top of the 6th over - 0 run(s), 1 hit(s), 0 error(s), 1 left on base; Portland 2 - Greenville 0 |
BOTTOM OF THE 6TH |
Greenville 84s batting - Pitching for Portland Cards : RHP Ron Biller
|
Batting: RHB Enzo Díaz
|
0-0: Called Strike 0-1: Swinging Strike 0-2: Ball 1-2: Ball 2-2: Foul Ball, location: 2F 2-2: Foul Ball, location: 2F 2-2: Ball 3-2: Foul Ball, location: 2F 3-2: Base on Balls
|
Batting: LHB Jimmy Vickers
|
0-0: Swinging Strike 0-1: Fly out, F7 (Flyball, 7LM)
|
Batting: LHB Paco Rosas
|
0-0: Swinging Strike Enzo Díaz steals 2nd base 0-1: Foul Ball, location: 2F 0-2: Strikes out swinging
|
Batting: LHB Kiyonaga Morita
|
0-0: Foul Ball, location: 2F 0-1: Ball 1-1: Ground out 6-3 (Groundball, 6M)
|
Bottom of the 6th over - 0 run(s), 0 hit(s), 0 error(s), 1 left on base; Portland 2 - Greenville 0 |
TOP OF THE 7TH |
Portland Cards batting - Pitching for Greenville 84s : RHP Pierre Deschênes
|
Pitching: LHP Sam Kettley
|
|
Batting: RHB Paco Arellano
|
0-0: Ball 1-0: Called Strike 1-1: Ball 2-1: Ground out 4-3 (Groundball, 4M)
|
Batting: RHB Aaron Scott
|
0-0: Called Strike 0-1: Ball 1-1: Ground out 5-3 (Groundball, 56)
|
Batting: RHB Germán Rosales
|
0-0: Called Strike 0-1: Ball 1-1: Called Strike 1-2: Strikes out looking
|
Top of the 7th over - 0 run(s), 0 hit(s), 0 error(s), 0 left on base; Portland 2 - Greenville 0 |
BOTTOM OF THE 7TH |
Greenville 84s batting - Pitching for Portland Cards : RHP Ron Biller
|
Pitching: LHP Juan Ortíz
|
|
Batting: LHB José Costa
|
0-0: Swinging Strike 0-1: Ball 1-1: Ball 2-1: Called Strike 2-2: Strikes out looking
|
Batting: LHB Brock Larsen
|
0-0: Ball 1-0: Swinging Strike 1-1: SINGLE (Line Drive, 4D)
|
Batting: LHB Mario Cornelo
|
0-0: Ball 1-0: Foul Ball, location: 2F 1-1: Swinging Strike 1-2: Foul Ball, location: 2F 1-2: Fly out, F7 (Popup, 56D)
|
Batting: RHB Carlos Torres
|
0-0: Ball 1-0: Ball 2-0: Ball 3-0: Called Strike 3-1: SINGLE (Line Drive, 34D) Brock Larsen to second
|
Batting: LHB Chris Moore
|
0-0: Called Strike 0-1: Called Strike 0-2: Ball 1-2: Strikes out looking
|
Bottom of the 7th over - 0 run(s), 2 hit(s), 0 error(s), 2 left on base; Portland 2 - Greenville 0 |
TOP OF THE 8TH |
Portland Cards batting - Pitching for Greenville 84s : LHP Sam Kettley
|
Batting: RHB Bartolo Quiñones
|
0-0: Ball 1-0: Foul Ball, location: 2F 1-1: Ball 2-1: Foul Ball, location: 2F 2-2: Fly out, F8 (Flyball, 8LM)
|
Pinch Hitting: RHB Lonson Seals
|
0-0: Foul Ball, location: 2F 0-1: Ground out 6-3 (Groundball, 6)
|
Pinch Hitting: RHB Jesús Gutiérrez
|
0-0: Called Strike 0-1: Ball 1-1: Swinging Strike 1-2: Ball 2-2: Fly out, F8 (Popup, 8LS)
|
Top of the 8th over - 0 run(s), 0 hit(s), 0 error(s), 0 left on base; Portland 2 - Greenville 0 |
BOTTOM OF THE 8TH |
Greenville 84s batting - Pitching for Portland Cards : LHP Juan Ortíz
|
Now at SS: Jesús Gutiérrez
|
|
Now in CF: Rob Bailey
|
|
Batting: RHB Enzo Díaz
|
0-0: Ball 1-0: SINGLE (Line Drive, 78S)
|
Batting: LHB Jimmy Vickers
|
0-0: Ball 1-0: Ball 2-0: Foul Ball, location: 2F 2-1: Foul Ball, location: 2F 2-2: Foul Ball, location: 2F 2-2: Strikes out looking
|
Batting: LHB Paco Rosas
|
0-0: Ball 1-0: Ball 2-0: Ball 3-0: Base on Balls Enzo Díaz to second
|
Pinch Hitting: RHB Vic Langlois
|
0-0: Ball 1-0: Ball 2-0: Called Strike 2-1: Foul Ball, location: 2F 2-2: Strikes out swinging
|
Pinch Hitting: RHB Jesús Tisnado
|
0-0: Foul Ball, location: 2F 0-1: Ball 1-1: Fly out, F7 (Line Drive, 78D)
|
Bottom of the 8th over - 0 run(s), 1 hit(s), 0 error(s), 2 left on base; Portland 2 - Greenville 0 |
TOP OF THE 9TH |
Portland Cards batting - Pitching for Greenville 84s : LHP Sam Kettley
|
Pitching: LHP Félix García
|
|
Now at 1B: Jesús Tisnado
|
|
Now in LF: Gilberto Guzmán
|
|
Batting: RHB Claudio Guerra
|
0-0: Ball 1-0: Foul Ball, location: 2F 1-1: Ground out 6-3 (Groundball, 6)
|
Pitching: RHP Kenshin Kubota
|
|
Pinch Hitting: LHB Jeff Doss
|
0-0: Called Strike 0-1: Reached on error, E3 (Groundball, 3L)
|
Pitching: LHP Dwight Livingston
|
|
Pinch Hitting: LHB John Cotton
|
0-0: Fielders Choice at 2nd, 6-4 (Groundball, 6M)
|
Pitching: RHP Dave Johnston
|
|
Batting: RHB Paco Arellano
|
0-0: Ball 1-0: Called Strike 1-1: Called Strike 1-2: Foul Ball, location: 2F 1-2: Ball 2-2: Ball Pickoff Throw to First - Error! E1 John Cotton to second 3-2: Strikes out swinging
|
Top of the 9th over - 0 run(s), 0 hit(s), 2 error(s), 1 left on base; Portland 2 - Greenville 0 |
BOTTOM OF THE 9TH |
Greenville 84s batting - Pitching for Portland Cards : LHP Juan Ortíz
|
Pitching: RHP Steve Griffin
|
|
Now at 2B: John Cotton
|
|
Now in LF: Elpidio Martinho
|
|
Pinch Hitting: LHB Vicente Bueno
|
0-0: Ball 1-0: Swinging Strike 1-1: Called Strike 1-2: SINGLE (Groundball, 3L) (infield hit)
|
Pinch Hitting: LHB George Wood
|
0-0: Ball 1-0: Foul Ball, location: 2F 1-1: Grounds into double play, 4-6-3 (Groundball, 4)
|
Batting: RHB Carlos Torres
|
0-0: Called Strike 0-1: SOLO HOME RUN (Line Drive, 89XD), Distance : 413 ft
|
Pinch Hitting: RHB Felipe Rodríguez
|
0-0: Ball 1-0: Called Strike 1-1: Ball 2-1: Fly out, F7 (Flyball, 7M)
|
Bottom of the 9th over - 1 run(s), 2 hit(s), 0 error(s), 0 left on base; Portland 2 - Greenville 1 |
|